[Event "Early-Titled-Tuesday-Blitz-February-13-2024"]
[Site "Chess.com"]
[Date "2024.02.13"]
[Round "9"]
[White "Bugcrusher"]
[Black "WilsonPalencia21"]
[Result "1-0"]
[WhiteElo "2467"]
[BlackElo "2577"]
[TimeControl "180+1"]
[EndTime "9:49:44 PST"]
[Termination "Bugcrusher won by resignation"]

1. d4 Nf6 2. c4 c5 3. d5 e6 4. Nf3 exd5 5. cxd5 g6 6. Nc3 d6 7. e4 a6 8. h3 Bg7 9. Bd3 b5 10. O-O O-O 11. Re1 Ra7 12. Bf4 Re7 13. a4 b4 14.
Nb1 Nh5 15. Bg5 Bf6 16. Bxf6 Nxf6 17. Nbd2 Nbd7 18. a5 Ne8 19. Nc4 f6 20. Qd2 Ne5 21. Nfxe5 fxe5 22. Rf1 Ref7 23. Nb6 Bb7 24. Qe2 Nc7 25. g3 Qf6 26. Kg2 Qf3+ 27. Qxf3 Rxf3 28. Be2 R3f7 29. Bg4 Kg7 30. Rad1 h5 31. Bd7 Nb5 32. Be6 Re7 33. f4 Nd4 34. fxe5 dxe5 35. Rxf8 Kxf8 36. Nd7+ Kg7 37. Nxc5 Ba8 38. Bd7 b3 39. Rf1 Nc2 40. d6 Rxd7 41. Nxd7 Ne3+ 42. Kg1 Nxf1 43. Kxf1 Bxe4 44.
Nxe5 Kf6 45. d7 Ke7 46. Kf2 Bf5 47. h4 Bxd7 48. Nxg6+ Kf6 49. Nf4 Be8 50. Ke3 Kf5 51.
Kf3 Bc6+ 52. Ke3 Be8 53. Nd5 Bf7 54. Nc7 Bc4 55. Kd4 Bf1 56. Nd5 Kg4 57. Nf6+ Kxg3 58. Nxh5+ Kxh4 59. Nf6 Kg5 60. Ne4+ Kf4 61. Nd2 Bb5 62.
Nxb3 Kf5 63. Kc5 Ke5 64. Kb6 Kd5 65. Nc5 Kc4 66. Nxa6 Be8 67. Nc7 Bh5 68. a6 Bf3 69. Nb5 Kb4 70. Nd6 Kb3 71. Nb7 Kxb2 72. a7 Kb3 73. a8=Q 1-0

[Event "Early-Titled-Tuesday-Blitz-February-13-2024"]
[Site "Chess.com"]
[Date "2024.02.13"]
[Round "9"]
[White "SpeedofLight0"]
[Black "Antipov_Mikhail_Al"]
[Result "0-1"]
[WhiteElo "3057"]
[BlackElo "2964"]
[TimeControl "180+1"]
[EndTime "9:49:45 PST"]
[Termination "Antipov_Mikhail_Al won by resignation"]

1. d4 Nf6 2. Nc3 e6 3. e4 d5 4. e5 Nfd7 5. f4 c5 6. Nf3 Nc6 7. Be3 a6 8. Qd2 Be7 9. Bd3 Qc7 10. h4 h5 11. Qf2 c4 12. Be2 g6 13. Ng5 b5 14. g4 hxg4 15. Bxg4 Bxg5 16. fxg5 Ne7 17. h5 gxh5 18. Bxh5 Ng6 19. O-O-O Ndf8 20. Rdf1 Qe7 21. Bd2 Bd7 22. Nd1 a5 23. Ne3 b4 24. Ng4 Ra7 25. Nh6 Bb5 26. c3 a4 27. cxb4 a3 28. Bc3 Qxg5+ 29. Bd2 axb2+ 30. Kb1 Qe7 31. Ng4 Ra3 32.
Kxb2 Rd3 33. Nf6+ Kd8 34. Bc3 Qa7 35. Qc2 Nxe5 36. Be2 Rxh1 37. Rxh1 Rxd4 38. Kb1 Ke7 39. Nh5 Nfd7 40. Ng3 Rf4 41. Qd2 Rf2 42. Qg5+ Kd6 43. Rd1 Qa3 44. Ne4+ Kc6 45. Nxf2 Qxc3 46. Qd2 Qa3 47. Rc1 Nb6 48. Nd1 Na4 49. Ka1 Kd6 50. Nc3 Nxc3 51. Qxc3 Qxc3+ 52. Rxc3 Nc6 53. Bd1 Nxb4 54.
a4 Ba6 55. Kb2 f5 56. Rh3 d4 57. Rh8 c3+ 58. Kb3 Nc6 59. Ra8 Bb7 60. Rf8 Kc5 61. Rf7 Na5+ 62. Kc2 Bd5 63. Be2 e5 64. Bd3 Bb3+ 65.
Kc1 Bxf7 66. Bxf5 Bb3 67. Bd3 Bxa4 68. Bc2 Bxc2 69. Kxc2 Kc4 70. Kd1 d3 71. Kc1 Nb3+ 72.
Kd1 0-1

[Event "Early-Titled-Tuesday-Blitz-February-13-2024"]
[Site "Chess.com"]
[Date "2024.02.13"]
[Round "9"]
[White "MyDream003"]
[Black "TrahtarBelarus"]
[Result "0-1"]
[WhiteElo "2720"]
[BlackElo "2875"]
[TimeControl "180+1"]
[EndTime "9:49:46 PST"]
[Termination "TrahtarBelarus won by checkmate"]

1. Nf3 d5 2. b3 Bf5 3. Bb2 e6 4. g3 Nf6 5. Bg2 Be7 6. O-O O-O 7. c4 h6 8. d3 c6 9. Nbd2 Bh7 10.
a3 a5 11. Ra2 Nbd7 12. Qa1 Re8 13. Ne5 Bf8 14. Nxd7 Nxd7 15. Rc1 Qb6 16. Bd4 c5 17. Bb2 d4 18. Rb1 Ne5 19. b4 axb4 20. axb4 Rxa2 21.
Qxa2 cxb4 22. Nb3 Nc6 23. Bxc6 bxc6 24. Bxd4 c5 25. Be3 e5 26. Qa4 Rb8 27. Ra1 e4 28.
d4 cxd4 29. Bxd4 Qe6 30. Qa6 Bf5 31. Ra5 Qxa6 32. Rxa6 Be6 33. Nd2 b3 34. Bb2 Bb4 35. Nxe4 Bxc4 36. Ra4 Bxe2 37. Kg2 Bf8 38. f3 Bb5 39.
Rd4 Bc6 40. Nc3 f6 41. Rc4 Be8 42. Re4 Bf7 43. Re2 Ra8 44. g4 h5 45. h3 hxg4 46. hxg4 Rc8 47. Kg3 Bb4 48. Re3 Bd6+ 49. Kg2 Bf4 50.
Rd3 Be5 51. Re3 Bg6 52. Kh3 Bd4 53. Nd5 Bxe3 54. Ne7+ Kf7 55. Nxc8 Bc5 56. f4 Be4 57. g5 fxg5 58. fxg5 Bf5+ 59. Kg3 Bxc8 60. Kf4 g6 61. Ke5 Be6 62. Kf4 Be7 63. Ke4 Bxg5 64. Kd4 Bf6+ 65.
Ke3 Bxb2 66. Ke2 Bf6 67. Kd2 g5 68. Kc1 g4 69. Kb1 Be5 70. Kc1 g3 71. Kb1 Bd5 72.
Kc1 Ke6 73. Kb1 Bd4 74. Kc1 Be4 75. Kd1 b2 76. Ke1 g2 77. Kd2 b1=R 78. Ke2 g1=R 79. Kd2 Rg2# 0-1

[Event "Early-Titled-Tuesday-Blitz-February-13-2024"]
[Site "Chess.com"]
[Date "2024.02.13"]
[Round "9"]
[White "esrosenberg"]
[Black "vishwa_vijeta"]
[Result "0-1"]
[WhiteElo "2437"]
[BlackElo "2627"]
[TimeControl "180+1"]
[EndTime "9:49:48 PST"]
[Termination "vishwa_vijeta won by resignation"]

1. d4 Nf6 2. Bg5 g6 3. Bxf6 exf6 4. e3 d5 5. c4 c6 6. cxd5 cxd5 7. Nc3 Nc6 8. g3 Be6 9. Bg2 Bb4 10. Ne2 O-O 11. O-O Kg7 12. a3 Ba5 13. b4 Bb6 14. Nf4 Ne7 15.
h4 Rc8 16. Rc1 Qd6 17. Na4 Rxc1 18. Qxc1 Rc8 19. Qb2 a5 20. Nc5 axb4 21. axb4 g5 22. Nh5+ Kg6 23. Bf3 gxh4 24. gxh4 Rg8 25. Kh1 Kh6 26.
Rg1 Bc7 27. Ng3 Nf5 28. Qd2 Nxg3+ 29. fxg3 Rxg3 30. e4+ Kg7 31. Rxg3+ Qxg3 32. Qg2 Qxg2+ 33. Kxg2 dxe4 34. Bxe4 b6 35. Nd3 f5 36. Bf3 Kf6 37.
Kf2 Bd6 38. d5 Bd7 39. Ke3 Bb5 40. Be2 f4+ 41. Kd4 Bxd3 42. Bxd3 Bxb4 43. Bxh7 Bd6 44.
Bd3 Kg7 45. h5 Kh6 46. Be2 b5 47. Ke4 b4 48. Kf5 b3 49. Ke4 b2 50. Bd3 Kxh5 51. Kf3 Kg5 52. Be4 Kf6 53. Bb1 Ke5 54. Ba2 Kd4 55. Ke2 Kc3 56. Bb1 f6 57. Kd1 f3 58.
Ke1 Bg3+ 59. Kf1 Kd2 60. d6 Bxd6 61. Kf2 Kc1 62. Be4 b1=Q 63. Bxb1 Kxb1 64. Kxf3 f5 65.
Ke3 f4+ 66. Kf3 Kc2 67. Ke4 Kd2 68. Kf3 Kd3 69. Kf2 Ke4 70. Ke2 Bc5 71. Kf1 f3 72. Ke1 Kf4 73. Kf1 Kg3 74. Ke1 Kg2 75. Kd2 f2 76.
Ke2 f1=Q+ 77. Kd2 Bd4 78. Kc2 Kf3 79. Kd2 Ke4 80. Kc2 Kd5 81. Kd2 Kc4 82. Kc2 Qg2+ 83. Kd1 Bc3 84. Kc1 Qd2+ 0-1

[Event "Early-Titled-Tuesday-Blitz-February-13-2024"]
[Site "Chess.com"]
[Date "2024.02.13"]
[Round "9"]
[White "Vaibhavraut99"]
[Black "MatthewG-p4p"]
[Result "0-1"]
[WhiteElo "2685"]
[BlackElo "2829"]
[TimeControl "180+1"]
[EndTime "9:49:50 PST"]
[Termination "MatthewG-p4p won on time"]

1. c4 e6 2. Nf3 d5 3. d4 c6 4. e3 f5 5. Nc3 Nf6 6. Be2 Bd6 7. O-O Nbd7 8. c5 Bc7 9. b4 a6 10. a4 O-O 11. Bb2 e5 12. dxe5 Nxe5 13. b5 axb5 14. axb5 Rxa1 15. Qxa1 Nfg4 16. Nxe5 Nxe5 17.
b6 Bb8 18. Qa8 Nd7 19. Bf3 Qh4 20. g3 Qb4 21. Qa2 Qxc5 22. Nxd5 cxd5 23. Ba3 Qxb6 24. Bxd5+ Kh8 25. Bxf8 Nxf8 26. Rc1 Bd7 27. Rb1 Qc5 28. Rxb7 Be5 29. Qa8 Bc8 30. Rf7 h6 31. Ra7 Kh7 32. Ra5 Qc1+ 33. Kg2 Ng6 34. Qc6 Qxc6 35. Bxc6 Bc7 36.
Rc5 Bd6 37. Rc1 Be6 38. h4 Ba3 39. Ra1 Bb2 40. Rb1 Bf6 41. Bb7 Ne5 42. Rb6 Bc4 43. Rb1 Bd3 44. Rd1 Bb5 45. Rb1 Bd7 46. Rc1 Ba4 47. Bc8 Kg6 48. Bb7 Nd3 49. Rf1 Bb5 50. Rb1 Bc4 51. Bf3 Bc3 52. h5+ Kh7 53. Rb7 Ne1+ 54. Kh3 Nxf3 55. Rc7 Nd2 56. e4 fxe4 57. g4 Be6 58. Rc6 Bc4 59. g5 hxg5 60. Kg4 Bf6 61. h6 Kxh6 62. Rc7 Nf3 63. Rc8 Be6+ 64. Kg3 Be5+ 0-1

[Event "Early-Titled-Tuesday-Blitz-February-13-2024"]
[Site "Chess.com"]
[Date "2024.02.13"]
[Round "9"]
[White "Cosi43"]
[Black "giomar27"]
[Result "1/2-1/2"]
[WhiteElo "2614"]
[BlackElo "2479"]
[TimeControl "180+1"]
[EndTime "9:49:57 PST"]
[Termination "Game drawn - insufficient material"]

1. d4 g6 2. Nf3 Bg7 3. c4 d6 4. Nc3 e5 5. dxe5 dxe5 6. Qxd8+ Kxd8 7. g3 c6 8. Bg2 Kc7 9. Ng5 Nh6 10. O-O f6 11. Nge4 Nf7 12. h4 h6 13. b3 f5 14. Nd2 e4 15. Bb2 Be6 16. Rfd1 Na6 17. Nb5+ cxb5 18. Bxg7 Rh7 19. Bf6 b4 20. f3 exf3 21.
Bxf3 Nc5 22. e4 Nd6 23. Be5 Rd8 24. exf5 Bxf5 25. Nf1 Rhd7 26. Rd5 Nd3 27. Bf6 Rf8 28. Be5 Nxe5 29. Rxe5 b6 30. c5 Nf7 31. cxb6+ Kxb6 32. Re3 Rfd8 33. Rc1 Rd6 34. Re7 R8d7 35. Rxd7 Rxd7 36. Ne3 Ne5 37. Bd5 Bd3 38. Rc8 a5 39. Re8 Nc6 40. Re6 Bb5 41. Rxg6 Kc5 42. Bxc6 Bxc6 43. Nc4 Rd1+ 44. Kf2 Ra1 45. Rxh6 Rxa2+ 46. Ke3 a4 47. Rh5+ Bd5 48. Kd3 axb3 49. Ne3 Ra3 50. Nxd5 Ra1 51. Nc3+ Kc6 52. Rh6+ Kc7 53. Nd5+ Kc8 54. Rb6 b2 55. Rxb4 b1=Q+ 56. Rxb1 Rxb1 57. Ke4 Kd7 58. Kf5 Ke8 59. g4 Kf7 60. h5 Rb5 61. Ke5 Kg7 62. g5 Ra5 63.
Ke6 Ra6+ 64. Kf5 Ra5 65. Ke5 Kh7 66. Ke4 Kg7 67. Ke5 Kh7 68. Ke4 Kg7 69. Kd4 Ra4+ 70. Kd3 Rg4 71. g6 Rxg6 72. hxg6 Kxg6 1/2-1/2

[Event "Early-Titled-Tuesday-Blitz-February-13-2024"]
[Site "Chess.com"]
[Date "2024.02.13"]
[Round "9"]
[White "Kildepiotr"]
[Black "AlmasRakhmatullaev"]
[Result "1/2-1/2"]
[WhiteElo "2701"]
[BlackElo "2855"]
[TimeControl "180+1"]
[EndTime "9:49:58 PST"]
[Termination "Game drawn - insufficient material"]

1. Nf3 d5 2. g3 e6 3. Bg2 Nf6 4.
O-O Be7 5. d3 b6 6. Nbd2 Bb7 7. e4 c5 8. Qe2 Nc6 9. c3 Qc7 10. Re1 O-O-O 11. a3 h5 12. b4 h4 13.
Ng5 hxg3 14. hxg3 d4 15. c4 Rh5 16. Nxf7 Rf8 17. e5 Nxe5 18. Nxe5 Rfh8 19. Ndf3 Bd6 20. Ng6 Re8 21. Nfh4 e5 22. Bxb7+ Qxb7 23. bxc5 Bxc5 24. g4 Rh7 25. Bg5 e4 26. Bxf6 gxf6 27. dxe4 Qd7 28. Qf3 d3 29. Qf5 Re6 30. Nf4 Re5 31. Qxd7+ Rxd7 32.
Nf3 d2 33. Nxe5 dxe1=Q+ 34. Rxe1 fxe5 35. Nd5 Rg7 36. Ne3 Bxa3 37. f3 Bc5 38. Kg2 a5 39. Nd5 a4 40. Rb1 Kb7 41. Kg3 a3 42. Kh4 Kc6 43.
g5 Ra7 44. Nc3 Bd4 45. Na2 Kc5 46. Rb4 Bc3 47. Rb5+ Kxc4 48. Rxb6 Bd4 49. Rb8 Rg7 50. Kh5 Kd3 51. g6 Be3 52. Rb3+ Ke2 53. Rxa3 Kxf3 54. Nc3 Rg8 55. Ra7 Bxa7 56. Kh6 Bc5 57. Kh7 Rc8 58. g7 Bd4 59. Nd5 Kxe4 60. Nf6+ Kf5 61. g8=Q Rxg8 62. Nxg8 e4 63. Ne7+ Ke6 64. Nc6 Be5 65. Nb4 e3 66. Nc2 e2 67. Kg6 Kd5 68. Kf5 Bg3 69. Kg4 Ke4 70.
Kxg3 Kd3 71. Ne1+ Kd2 72. Kf2 Kd1 73. Nf3 e1=Q+ 74. Nxe1 1/2-1/2

[Event "Early-Titled-Tuesday-Blitz-February-13-2024"]
[Site "Chess.com"]
[Date "2024.02.13"]
[Round "9"]
[White "SimonKnightRivendell"]
[Black "Felix-Rose"]
[Result "0-1"]
[WhiteElo "2095"]
[BlackElo "2229"]
[TimeControl "180+1"]
[EndTime "9:49:58 PST"]
[Termination "Felix-Rose won on time"]

1. d4 d5 2. c4 e6 3. Nf3 Nf6 4. g3 dxc4 5. Nc3 a6 6. a4 Nc6 7. Bg2 Rb8 8. e4 Bb4 9. O-O Bxc3 10. bxc3 Nxe4 11. Qe2 Nxc3 12. Qxc4 Nd5 13. Ba3 Bd7 14. Rfe1 Nce7 15. Ne5 b5 16. Qc5 b4 17. Bxd5 Nxd5 18.
Bb2 Qe7 19. Nxd7 Qxd7 20. f4 Qd6 21. f5 Qxc5 22. dxc5 Kd7 23. Bxg7 Rhg8 24. fxe6+ fxe6 25. Be5 a5 26. Rac1 Kc6 27. Bd4 Rbe8 28. Re2 Nf4 29. Re4 Nd3 30. Rc2 Kd5 31. Rce2 Nxc5 32. Bxc5 Kxc5 33.
Re5+ Kd6 34. Rxa5 Rb8 35. Ra6+ c6 36. Rc2 b3 37. Rcxc6+ Kd5 38. Rd6+ Kc5 39. Rac6+ Kb4 40. Rc1 Kxa4 41. Ra6+ Kb4 42. Kf2 b2 43. Rb1 Kc3 44. Rc6+ Kd2 45. Kf3 Rgf8+ 46. Ke4 Rf2 47. h4 Rb3 48.
Kd4 Rg2 49. Rxe6 Kc2 50. Ree1 Rgxg3 51. Kc4 Rgc3+ 52. Kd4 Rd3+ 53. Kc4 Rbc3+ 54. Kb4 Rd4+ 55. Kb5 Rb3+ 56. Kc5 Rd2 57. Rh1 Rg2 58. h5 Rc3+ 59. Kb4 Rg4+ 60. Kb5 Kb3 61. h6 Rg5+ 62. Kb6 Rg6+ 63.
Kb5 Rcc6 64. Rh2 Rb6+ 65. Kc5 Ka2 0-1

[Event "Early-Titled-Tuesday-Blitz-February-13-2024"]
[Site "Chess.com"]
[Date "2024.02.13"]
[Round "9"]
[White "Kostukov_Alex"]
[Black "omer1997"]
[Result "0-1"]
[WhiteElo "2258"]
[BlackElo "2416"]
[TimeControl "180+1"]
[EndTime "9:50:00 PST"]
[Termination "omer1997 won on time"]

1. g3 d5 2. Bg2 c6 3. d3 Nf6 4. e4 dxe4 5. dxe4 Qxd1+ 6. Kxd1 e5 7. f3 Be6 8. Be3 Nbd7 9. Nd2 O-O-O 10. Bh3 Bxh3 11.
Nxh3 Bc5 12. Ke2 Bxe3 13. Kxe3 Nc5 14. Nc4 Rhe8 15. a4 Kc7 16. Nf2 Ncd7 17. a5 Nb8 18. Rhd1 Rxd1 19. Rxd1 Re7 20. Nd3 Nfd7 21. c3 f6 22. b4 b6 23. axb6+ axb6 24. Ra1 Re6 25. Ra7+ Kc8 26. f4 b5 27. f5 Re7 28. Nd6+ Kd8 29. Rb7 Na6 30. h4 Ndb8 31. Rxe7 Kxe7 32. Nc8+ Kd7 33.
Na7 Kc7 34. g4 Kb7 35. Nxc6 Kxc6 36. g5 Kd6 37. gxf6 gxf6 38. Nf2 Ke7 39. h5 Nd7 40. Ng4 Nb6 41. Kd3 Nc4 42. Nh6 Nd6 43. Ng8+ Kf7 44. Nh6+ Kg7 45. Ng4 Nb8 46. Ne3 Nc6 47. Nd5 Nc4 48.
Nc7 Nd6 49. Ke3 Kf7 50. Nd5 Nd8 51. Nc7 Nc6 52. Nd5 Nb8 53. Nc7 Nd7 54. Nd5 Nc4+ 55. Kd3 Nb2+ 56. Kc2 Nc4 57. Kd3 Kg7 58. Nc7 Nd6 59.
Ke3 Kh6 60. Kd3 Kxh5 61. Na6 Kg4 62. Nc5 Nxc5+ 63. bxc5 Ne8 64. c4 bxc4+ 65. Kxc4 h5 66. Kd5 h4 67. Ke6 Kg5 68. Kd7 h3 69. Kxe8 h2 70. c6 h1=Q 71. c7 Qc1 72. Kd8 Qd2+ 73.
Ke8 Qc2 74. Kd8 Qd3+ 75. Ke8 Qc4 76. Kd8 Qd4+ 77. Ke8 Qc5 78. Kd8 Qd6+ 79. Kc8 Kf4 80. Kb7 Qxc7+ 81. Kxc7 Kxe4 0-1

[Event "Early-Titled-Tuesday-Blitz-February-13-2024"]
[Site "Chess.com"]
[Date "2024.02.13"]
[Round "9"]
[White "chess_blitz00"]
[Black "Mariia89"]
[Result "1-0"]
[WhiteElo "2471"]
[BlackElo "2208"]
[TimeControl "180+1"]
[EndTime "9:50:01 PST"]
[Termination "chess_blitz00 won by checkmate"]

1. c3 c5 2. Nf3 Nc6 3. g3 g6 4. Bg2 Bg7 5. e4 d6 6. O-O Nf6 7. Re1 O-O 8. d4 cxd4 9. Nxd4 Bg4 10. Qb3 Qc8 11. Be3 Bh3 12. Nd2 Ne5 13. N2f3 Nd3 14. Re2 Nxe4 15. Bxh3 Qxh3 16. Qxb7 Nec5 17. Qxe7 Rfe8 18. Qxf7+ Kxf7 19. Ng5+ Kg8 20. Nxh3 Bxd4 21. cxd4 Ne4 22. Nf4 Nb4 23. a3 Nc6 24. Rae1 Nf6 25. d5 Na5 26. Bd4 Rxe2 27. Rxe2 Nd7 28. Re6 Nc4 29. b3 Nxa3 30. Rxd6 Nf8 31. Rc6 Nb5 32.
Bb2 Rd8 33. Ne6 Rd7 34. Nxf8 Kxf8 35. Rc8+ Ke7 36. Rc5 Nc7 37. Ba3 Kf7 38. d6 Ne6 39. Ra5 Kf6 40. f4 h5 41. Kg2 Ng7 42. Kf3 Nf5 43.
Bb2+ Ke6 44. Be5 Nxd6 45. Bxd6 Kxd6 46. Ra6+ Kc5 47. Rxg6 Kb4 48. Rg5 h4 49. gxh4 Kxb3 50. h5 Rc7 51. h6 Kb4 52. Rg7 Rc3+ 53. Kg4 a5 54. h7 Rc1 55. h8=Q Rg1+ 56. Kf5 Rxg7 57.
Qxg7 a4 58. Qa1 a3 59. h4 Kb3 60. h5 a2 61. h6 Kc4 62. h7 Kd3 63. h8=Q Ke2 64.
Qhb2+ Kf3 65. Qf1+ Ke3 66. Qbe2+ Kd4 67. Qfd1+ Kc3 68.
Qec2+ Kb4 69. Qd4+ Kb5 70. Qcc4+ Ka5 71. Qdc5# 1-0

[Event "Early-Titled-Tuesday-Blitz-February-13-2024"]
[Site "Chess.com"]
[Date "2024.02.13"]
[Round "9"]
[White "ChessFanNM"]
[Black "Cheer_Down"]
[Result "1/2-1/2"]
[WhiteElo "2323"]
[BlackElo "2487"]
[TimeControl "180+1"]
[EndTime "9:50:02 PST"]
[Termination "Game drawn - insufficient material"]

1. Nh3 e5 2. g3 d5 3. Bg2 h5 4. d4 e4 5. c4 c6 6. Nc3 Bb4 7. Qb3 Bxc3+ 8. bxc3 h4 9. cxd5 cxd5 10. Nf4 Nf6 11. Ba3 hxg3 12. hxg3 Rxh1+ 13. Bxh1 g5 14. Qb5+ Nc6 15. Qc5 Ne7 16. Ng2 b6 17.
Qb5+ Bd7 18. Qb4 a5 19. Qb3 Qc7 20. Ne3 Be6 21. Bg2 Rc8 22. Rc1 Qc6 23. f3 b5 24.
Bc5 Nf5 25. Nxf5 Bxf5 26. Kf2 Qe6 27. Qxb5+ Nd7 28. e3 exf3 29. Bxf3 Be4 30. Rh1 Qf6 31. Qe2 Nxc5 32. dxc5 Rxc5 33. Kg2 Bxf3+ 34. Qxf3 Qxf3+ 35. Kxf3 Rxc3 36. Rd1 Ke7 37. Rxd5 Ra3 38. Rxg5 Rxa2 39.
Rb5 Ke6 40. Kf4 f6 41. Rb6+ Kf7 42. g4 a4 43. Ra6 a3 44. Kf5 Rf2+ 45. Ke4 a2 46. Ra5 Kg6 47. Ra6 Rb2 48. Kf3 Kg5 49. Ra5+ Kg6 50. Kf4 Rb4+ 51. Kg3 Rb2 52. Kf3 Rc2 53.
Kf4 Rf2+ 54. Kg3 Rc2 55. Kf3 Kf7 56. Kf4 Ke6 57. Kf3 Kd6 58. Kf4 Kc6 59. Kf5 Rf2+ 60. Kg6 Kb6 61. Ra8 Kb5 62. g5 fxg5 63. Kxg5 Kb4 64.
e4 Kb3 65. e5 Re2 66. Kf6 Re1 67. e6 a1=Q+ 68. Rxa1 Rxa1 69. e7 Rf1+ 70. Kg7 Rg1+ 71. Kf7 Rf1+ 72. Kg7 Re1 73. Kf7 Kc4 74. e8=Q Rxe8 75.
Kxe8 1/2-1/2

[Event "Early-Titled-Tuesday-Blitz-February-13-2024"]
[Site "Chess.com"]
[Date "2024.02.13"]
[Round "9"]
[White "Ready4abattle"]
[Black "NewYearGirl"]
[Result "0-1"]
[WhiteElo "2261"]
[BlackElo "2406"]
[TimeControl "180+1"]
[EndTime "9:50:04 PST"]
[Termination "NewYearGirl won on time"]

1. e4 c5 2. Nf3 d6 3. d4 cxd4 4. Nxd4 Nf6 5. Nc3 g6 6. Be3 Bg7 7. f3 O-O 8. Qd2 Nc6 9. O-O-O d5 10. Qe1 e5 11. Nxc6 bxc6 12. exd5 Nxd5 13. Bc4 Be6 14. Ne4 Qb8 15. Bc5 Rd8 16. Kb1 a5 17. g4 a4 18. a3 Qb7 19. Bxd5 cxd5 20. Ng5 Rab8 21. Bb4 Bc8 22. h4 h6 23. Nh3 Bf8 24. Qxe5 Bxb4 25. axb4 Qxb4 26. Qd4 a3 27. Qxb4 Rxb4 28. b3 Ba6 29. Rd2 d4 30. Nf4 d3 31. Nxd3 Bxd3 32. Rxd3 Rxd3 33. cxd3 Rxb3+ 34. Kc2 Rb2+ 35. Kc3 Rf2 36.
Ra1 a2 37. h5 g5 38. Kd4 Rxf3 39.
Rxa2 Rf4+ 40. Ke5 Rxg4 41. d4 Rf4 42. Ra8+ Kg7 43. d5 Rf1 44. d6 Re1+ 45. Kf5 Rd1 46. Ke5 g4 47. Ra4 f6+ 48. Ke6 Re1+ 49. Kf5 Re5+ 50.
Kxg4 Rd5 51. Ra7+ Kg8 52. Ra6 Kf7 53. Kf4 Ke6 54. d7+ Kxd7 55. Rxf6 Rxh5 56. Kg4 Rh1 57. Rf8 Ke6 58. Rh8 Kf6 59. Kg3 Kg7 60. Ra8 Rg1+ 61.
Kh2 Rg4 62. Ra7+ Kg6 63. Ra8 Rb4 64. Rg8+ Kh5 65. Ra8 Kh4 66. Rg8 Rb2+ 67. Kg1 h5 68. Rg7 Kh3 69. Rh7 h4 70. Rd7 Rb1+ 71. Kf2 Kh2 72.
Rh7 Rb2+ 73. Kf1 h3 74. Rh8 Rb4 75. Rh7 Rf4+ 76. Ke2 Kg3 77. Rg7+ Kh2 78. Rh7 Rf6 79. Ke1 Rf3 80. Ke2 Kg2 81. Rg7+ Rg3 82. Rh7 h2 0-1

[Event "Early-Titled-Tuesday-Blitz-February-13-2024"]
[Site "Chess.com"]
[Date "2024.02.13"]
[Round "9"]
[White "KetiTsatsalashvili"]
[Black "LeoWin2012"]
[Result "1-0"]
[WhiteElo "2456"]
[BlackElo "2231"]
[TimeControl "180+1"]
[EndTime "9:50:04 PST"]
[Termination "KetiTsatsalashvili won by checkmate"]

1. d4 Nf6 2. Nf3 d5 3. e3 e6 4. Bd3 Bd6 5. b3 b6 6. O-O O-O 7. Bb2 Bb7 8. Ne5 Nbd7 9. Nd2 Ne4 10. f3 Nxd2 11. Qxd2 f6 12. Nxd7 Qxd7 13. e4 dxe4 14. Bxe4 Bxe4 15. fxe4 Rad8 16. Rad1 c5 17. d5 exd5 18.
Qxd5+ Kh8 19. Kh1 Qe7 20. Qc4 Be5 21. Bxe5 Qxe5 22. Rd5 Rxd5 23. exd5 Rd8 24. Rd1 h5 25. h3 Rd6 26. Qd3 Kg8 27. c4 Kf7 28. Qd2 Qg3 29. Qe2 h4 30. Re1 Kg6 31. Qe4+ Kh6 32. Re3 Qg5 33. Rf3 Qc1+ 34. Kh2 Qg5 35. Rf4 Qg3+ 36. Kh1 g5 37. Rf5 a6 38. Qe7 Kg6 39. Rf1 Qe5 40.
Qf8 Rd7 41. Qg8+ Rg7 42. Qd8 b5 43. cxb5 axb5 44. d6 Qd4 45. Qe8+ Kh7 46. Qf8 Kg6 47. Qe8+ Kh7 48. Qxb5 Qxd6 49. Qc4 Qe5 50. Rc1 Rc7 51. b4 Qf4 52. Qxf4 gxf4 53. bxc5 Kg6 54. a4 Kf5 55. a5 Ke5 56. a6 Kd5 57. Kg1 Kc6 58.
Kf2 Ra7 59. Ra1 Kxc5 60. Kf3 Kd4 61. Kxf4 Kd3 62. Kg4 Ke2 63. Ra2+ Kf1 64. Kxh4 Kg1 65. Kg4 Kh2 66. Kf5 Kg1 67. Kxf6 Kh1 68. h4 Kh2 69. h5 Kg3 70. h6 Kg4 71. Kg6 Ra8 72. h7 Kg3 73. a7 Kh2 74. Kg7 Kg1 75. h8=Q Rxh8 76. Kxh8 Kh2 77. a8=Q Kg1 78. Qe8 Kh2 79. Qe5+ Kg1 80. g4 Kh1 81. Qe1# 1-0

[Event "Early-Titled-Tuesday-Blitz-February-13-2024"]
[Site "Chess.com"]
[Date "2024.02.13"]
[Round "9"]
[White "GMKrikor"]
[Black "temiksmozg"]
[Result "0-1"]
[WhiteElo "2843"]
[BlackElo "2625"]
[TimeControl "180+1"]
[EndTime "9:50:12 PST"]
[Termination "temiksmozg won on time"]

1. Nf3 d5 2. c4 c6 3. d4 Nf6 4.
Nc3 e6 5. cxd5 exd5 6. Bf4 Bf5 7. e3 Be7 8. h3 h6 9. Bd3 Bxd3 10. Qxd3 Nbd7 11.
O-O O-O 12. Rab1 a5 13. Rfc1 Re8 14. Qc2 Bf8 15. Ne5 Nxe5 16. Bxe5 Bd6 17. Bxd6 Qxd6 18.
Na4 Ne4 19. Nc5 Qe7 20. Nxe4 Qxe4 21. Qxe4 Rxe4 22. b3 g5 23. Rc5 f5 24. Rc3 Kf7 25. f3 Re7 26. Kf2 f4 27. Re1 Rae8 28. g3 Kf6 29. a3 h5 30. b4 axb4 31. axb4 h4 32. g4 Ra8 33. Re2 fxe3+ 34. Rcxe3 Rxe3 35. Kxe3 Ra3+ 36. Kf2 Rb3 37. Re5 Rxb4 38. Ke3 Rb3+ 39. Ke2 Rb2+ 40. Ke3 Rh2 41. Rf5+ Kg6 42. Re5 Rxh3 43. Re7 Rh1 44. Rxb7 Rc1 45. Rd7 Rc3+ 46. Kf2 Rc2+ 47. Kg1 Rc4 48.
Kg2 Kf6 49. Rd6+ Kf7 50. Kf2 Rc2+ 51. Kg1 Rc4 52. Kg2 Ke7 53. Rg6 Kd7 54. Rg7+ Kd6 55.
Rg6+ Kc7 56. Rxg5 Rxd4 57. Rh5 c5 58. g5 c4 59. g6 c3 60. g7 Rd2+ 61. Kh3 c2 62.
g8=Q c1=Q 63. Rh7+ Kd6 64. Qd8+ Ke5 65. Qh8+ Kf4 66.
Rf7+ Ke3 67. Qe5+ Kf2 68. Qh2+ Ke3 69. Re7+ Kd3 70. Qf4 Qh1+ 71. Kg4 Qg2+ 72. Kf5 Qf2 73. Kf6 Re2 74. Ra7 Qd4+ 75. Qxd4+ Kxd4 76. Ra4+ Ke3 77. Rxh4 d4 78. f4 d3 79. Rh1 d2 80. Rd1 Kxf4 0-1

[Event "Early-Titled-Tuesday-Blitz-February-13-2024"]
[Site "Chess.com"]
[Date "2024.02.13"]
[Round "9"]
[White "nj123456"]
[Black "The_Straightforward_Rook"]
[Result "0-1"]
[WhiteElo "2279"]
[BlackElo "2428"]
[TimeControl "180+1"]
[EndTime "9:50:16 PST"]
[Termination "The_Straightforward_Rook won by resignation"]

1. e4 c6 2. d4 d5 3. e5 Bf5 4. Nf3 e6 5. Be2 Nd7 6. O-O a5 7. a4 f6 8. exf6 Ngxf6 9. Bf4 Be7 10. Bd3 Bg4 11. h3 Bh5 12. Nbd2 O-O 13. Bg3 Kh8 14.
c3 c5 15. Qe1 Qb6 16. Bb5 cxd4 17. Nxd4 Nc5 18. Be5 Nfe4 19. Nxe4 Nxe4 20. f3 Nc5 21. Qg3 Bg6 22. Rae1 Bf6 23. Bc7 Qa7 24. Kh2 Bf5 25. Nxf5 exf5 26. Bd6 Rfd8 27. Be7 Qb6 28. Bxd8 Rxd8 29. f4 Ne4 30. Qe3 d4 31. cxd4 Bxd4 32. Qb3 Qf6 33. Rd1 Rf8 34. Qc4 Bxb2 35. Rd7 Bc3 36.
Rxb7 h5 37. Rd7 Qg6 38. Qd3 Bb4 39. Rc7 Bd6 40. Rc6 h4 41. Qf3 Rf6 42. Re1 Qg3+ 43. Qxg3 hxg3+ 44. Kg1 Bc5+ 45. Kf1 Rxc6 46. Bxc6 Bb4 47.
Rd1 Nc3 48. Rd8+ Kh7 49. Bd7 g6 50. Rc8 Kh6 51. Rg8 Nd5 52. Be8 Nxf4 53. Rh8+ Kg5 54. Bb5 Kf6 55. Rc8 g5 56. Rc6+ Ke5 57. Rc4 Nd5 58.
Rc8 Ne3+ 59. Ke2 Nxg2 60. Kf3 Nf4 61. Re8+ Kf6 62. Kxg3 Nd5 63. Rd8 f4+ 64. Kf3 Ne3 65. Rc8 Nf5 66. Rc6+ Ke5 67. Bd3 Nd4+ 68. Kg4 Nxc6 69.
Kxg5 Nd4 70. h4 f3 71. h5 Ne6+ 72. Kg6 Kf4 73. h6 Bc3 74. Kf7 Nc5 75. Bb5 f2 76. h7 Kf3 77. Kg8 Kg2 78. h8=Q Bxh8 79. Kxh8 f1=Q 80. Bxf1+ Kxf1 0-1

[Event "Early-Titled-Tuesday-Blitz-February-13-2024"]
[Site "Chess.com"]
[Date "2024.02.13"]
[Round "9"]
[White "MarcoRiehle"]
[Black "Iskusnyh"]
[Result "1-0"]
[WhiteElo "2862"]
[BlackElo "2657"]
[TimeControl "180+1"]
[EndTime "9:50:17 PST"]
[Termination "MarcoRiehle won on time"]

1. e4 e6 2. c4 d5 3. cxd5 exd5 4. Qb3 Nf6 5. e5 Ne4 6. Nc3 Nxc3 7. bxc3 c5 8. d4 Nc6 9. Nf3 Be7 10. Be2 O-O 11.
O-O Qc7 12. Be3 Be6 13. Rfd1 b6 14. h3 h6 15. Rac1 Rfd8 16. Ne1 Na5 17. Qb1 Nc4 18. Bxc4 dxc4 19. f4 Qc8 20. dxc5 Bxc5 21. Rxd8+ Qxd8 22. Bxc5 bxc5 23. f5 Rb8 24. Qc2 Bd7 25. Rd1 Qe8 26. Nf3 Ba4 27. Qc1 Bxd1 28. Qxd1 Rd8 29. Qe1 Qd7 30. Kh2 Qxf5 31. Qe3 Qd3 32. Qxc5 Qxc3 33. Qe7 Qd3 34. Kg1 c3 35. e6 Qd1+ 36. Kf2 fxe6 37. Qxe6+ Kh8 38. Ne5 Rf8+ 39. Kg3 Qd8 40. Kh2 Qc7 41.
g3 Qd8 42. h4 c2 43. Ng6+ Kh7 44. Nxf8+ Qxf8 45. Qe4+ Kh8 46. Qxc2 Qe7 47. Kg2 Qb7+ 48. Kh2 Qe7 49. Qd2 Qb7 50. Qe2 Qd7 51. Kg2 Qb7+ 52.
Kh2 Qd7 53. Qf2 Qb7 54. Kg1 Qc7 55. Kg2 Qb7+ 56. Kh2 Qc7 57. h5 Qb7 58. g4 Qc7+ 59. Kh3 a5 60. Qe2 Qc5 61. Kg3 Qd6+ 62. Kf3 Qc6+ 63.
Ke3 a4 64. Kd4 Qd6+ 65. Kc3 Qc5+ 66. Qc4 Qe3+ 67. Kb4 a3 68. Ka4 Qh3 69. Qc8+ Kh7 70. Qc4 Kh8 71. Kb5 Kh7 72. Kc6 Kh8 73. Qe6 Qc3+ 74.
Kd7 Qb2 75. Ke8 Qb8+ 76. Kf7 Qg8+ 77. Ke7 Qb8 78. Kd7 Qb7+ 79. Ke8 Qb8+ 80. Ke7 Qa8 81. Qd7 Qe4+ 82. Kd8 1-0